 Dungeon Crawl Stone Soup version 0.26.1-11-gd32895ea62 (webtiles) character file.

Game seed: 11413405482650845674

39 jlumianski the Grasshopper (level 3, -2/31 HPs)
             Began as a Gnoll Warper on July 13, 2021.
             Slain by a gnoll
             ... wielding a +0 vorpal flail
              (5 damage)
             ... on level 2 of the Dungeon.
             The game lasted 00:03:53 (1300 turns).

jlumianski the Grasshopper (Gnoll Warper)           Turns: 1300, Time: 00:03:53

Health: -2/31      AC:  5    Str: 13    XL:     3   Next: 45%
Magic:  9/9        EV: 12    Int: 16    God:
Gold:   40         SH:  0    Dex: 14    Spells: 7/12 levels left

rFire    . . .     SeeInvis .   a - +0 hand axe
rCold    . . .     Faith    .   (no shield)
rNeg     . . .     Spirit   .   i - +0 ring mail
rPois    .         Reflect  .   (no helmet)
rElec    .         Harm     .   (no cloak)
rCorr    +         Rampage  .   (no gloves)
Will     .....                  (no boots)
Stlth    +.........             (no amulet)
HPRegen  0.10/turn              f - ring of resist corrosion
MPRegen  0.11/turn              (no ring)

@: no status effects
A: distributed training, fangs 1, strong nose
a: no special abilities


You were on level 2 of the Dungeon.
You visited 1 branch of the dungeon, and saw 2 of its levels.

You collected 40 gold pieces.

Inventory:

Hand Weapons
 a - a +0 hand axe (weapon)
 n - a +0 short sword of flaming
Missiles
 c - 78 stones (quivered)
 e - 5 boomerangs of dispersal
 o - 18 arrows
Armour
 b - a +0 leather armour
 i - a +0 ring mail (worn)
Jewellery
 f - a ring of resist corrosion (left hand)
Scrolls
 d - a scroll of blinking
 g - 3 scrolls of remove curse
 k - a scroll of fog {unknown}
Potions
 h - a potion of brilliance {unknown}
 j - a potion of flight {unknown}
 l - a potion of heal wounds {unknown}
 m - a potion of cancellation {unknown}
 p - a potion of might {unknown}
 q - a potion of lignification {unknown}


   Skills:
 + Level 4.5 Fighting
 + Level 0.8 Short Blades
 + Level 0.8 Long Blades
 + Level 4.5 Axes
 + Level 0.8 Maces & Flails
 + Level 0.8 Polearms
 + Level 0.8 Staves
 + Level 0.8 Slings
 + Level 0.8 Bows
 + Level 0.8 Crossbows
 + Level 2.6 Throwing
 + Level 2.6 Armour
 + Level 4.5 Dodging
 + Level 0.8 Stealth
 + Level 0.8 Shields
 + Level 0.8 Unarmed Combat
 + Level 5.0 Spellcasting
 + Level 0.5 Conjurations
 + Level 0.5 Hexes
 + Level 0.5 Summonings
 + Level 0.5 Necromancy
 + Level 5.4 Translocations
 + Level 0.5 Transmutations
 + Level 0.5 Fire Magic
 + Level 0.5 Ice Magic
 + Level 0.5 Air Magic
 + Level 0.5 Earth Magic
 + Level 0.5 Poison Magic
 + Level 1.0 Invocations
 + Level 0.8 Evocations


You had 7 spell levels left.
You knew the following spells:

 Your Spells              Type           Power        Failure   Level
a - Blink                 Tloc           N/A          4%          2
b - Gell's Gravitas       Tloc           10%          10%         3

Your spell library contained the following spells:

 Spells                   Type           Power        Failure   Level
 Lesser Beckoning         Tloc           10%          10%         3
 Teleport Other           Tloc           21%          10%         3
 Passage of Golubria      Tloc           N/A          32%         4


Dungeon Overview and Level Annotations

Branches:
Dungeon (2/15)

Altars:


Innate Abilities, Weirdness & Mutations

Your experience applies equally to all skills.
You have very sharp teeth.
Your uncanny sense of smell can sniff out nearby items.


Message History

You hit the gnoll.
The gnoll is heavily wounded.
The gnoll barely misses you.
You hit the gnoll. You bite the gnoll, but do no damage.
The gnoll is severely wounded.
The gnoll drinks a potion.
The gnoll is healed!
You closely miss the gnoll.
The gnoll is lightly wounded.
The gnoll hits you but does no damage.
You hit the gnoll but do no damage.
The gnoll is lightly wounded.
The gnoll closely misses you.
You closely miss the gnoll. You bite the gnoll.
The gnoll is moderately wounded.
The gnoll hits you with a +0 vorpal flail!
* * * LOW HITPOINT WARNING * * *
x2 You hit the gnoll.
The gnoll is heavily wounded.
The gnoll hits you with a +0 vorpal flail.
You die...

..... ∆ ∆ .... ... ∆ )#
#.. .# ∆ . #.# .# ∆..
#(#####.# ...
######.(.g@..#....
#..))'............
#######.####......######
...........'..........#
#######.####......###.#
# #.# #......# # #.#
#......# #+# #......#
#......#


You could see a gnoll.

Vanquished Creatures
  2 gnolls (D:2)
  2 leopard geckos (D:1)
  A bat (D:1)
  A giant cockroach (D:1)
  3 goblins (D:1)
  3 hobgoblins
  2 frilled lizards (D:1)
  2 kobolds (D:1)
  2 rats (D:1)
18 creatures vanquished.

Notes
Turn   | Place    | Note
-------+----------+-------------------------------------------
     0 | D:1      | jlumianski the Gnoll Warper began the quest for the Orb.
     0 | D:1      | Reached XP level 1. HP: 20/20 MP: 6/6
   357 | D:1      | Reached XP level 2. HP: 11/26 MP: 7/7
   364 | D:1      | Learned a level 2 spell: Blink
  1137 | D:2      | Reached skill level 5 in Spellcasting
  1137 | D:2      | Reached XP level 3. HP: 27/31 MP: 7/9
  1143 | D:2      | Reached skill level 1 in Invocations
  1151 | D:2      | Learned a level 3 spell: Gell's Gravitas
  1300 | D:2      | Slain by a gnoll

Illustrated notes

Levels and vault maps discovered:
D:1:      dpeg_arrival_water_fire, layout_loops_ring, minmay_misc_feat_tower
D:2:      layout_basic, cheibriados_altar_2, uniq_jessica, uniq_robin

Skill      XL: |  1  2  3 |
---------------+----------+-----
Spellcasting   | 5 |  5.0
Invocations    | 1 |  1.0
Fighting       | |  4.5
Short Blades   | |  0.8
Long Blades    | |  0.8
Axes           | |  4.5
Maces & Flails | |  0.8
Polearms       | |  0.8
Staves         | |  0.8
Slings         | |  0.8
Bows           | |  0.8
Crossbows      | |  0.8
Throwing       | |  2.6
Armour         | |  2.6
Dodging        | |  4.5
Stealth        | |  0.8
Shields        | |  0.8
Unarmed Combat | |  0.8
Conjurations   | |  0.5
Hexes          | |  0.5
Summonings     | |  0.5
Necromancy     | |  0.5
Translocations | |  5.4
Transmutations | |  0.5
Fire Magic     | |  0.5
Ice Magic      | |  0.5
Air Magic      | |  0.5
Earth Magic    | |  0.5
Poison Magic   | |  0.5
Evocations     | |  0.8

Action                   || total
-------------------------++-------
Melee: Hand axe          ||    73
       Bite              ||    13
Throw: Stone             ||    14
  Use: Scroll            ||     1
Armor: Ring mail         ||    25
Dodge: Dodged            ||    49
